 Dungeon Crawl Stone Soup version 0.25.1-2-g60ff931df9 (webtiles) character file.

Game seed: 15762797853888512287

40 Martska the Grasshopper (level 3, -2/51 HPs)
             Began as a Naga Warper on Oct 12, 2020.
             Slain by Robin
             ... wielding a +5 club
              (4 damage)
             ... on level 2 of the Dungeon.
             The game lasted 00:03:36 (1378 turns).

Martska the Grasshopper (Naga Warper)               Turns: 1378, Time: 00:03:36

Health: -2/51      AC: 21    Str: 20    XL:     3   Next: 50%
Magic:  6/6        EV:  1    Int: 13    God:
Gold:   88         SH:  0    Dex: 10    Spells: 6/6 levels left

rFire    . . .     SeeInvis +   a - +0 spear
rCold    . . .     Gourm    .   (no shield)
rNeg     + + +     Faith    .   (armour currently unavailable)
rPois    +         Spirit   .   (helmet currently unavailable)
rElec    .         Reflect  .   (cloak currently unavailable)
rCorr    .         Harm     .   (gloves currently unavailable)
MR       .....     NoTele   +   (no barding)
Stlth    +.........             (no amulet)
HPRegen  0.17/turn              i - +6 ring of strength
MPRegen  0.10/turn              k - +4 ring of evasion

@: tree-form, berserk cooldown, slowed, very slow
A: large, see invisible, slow metabolism 1, spit poison 1, AC +1
a: Spit Poison


You were on level 2 of the Dungeon.
You were hungry.
You were a tree.
You visited 1 branch of the dungeon, and saw 2 of its levels.

You collected 88 gold pieces.

Inventory:

Hand Weapons
 a - a +0 spear (weapon)
Missiles
 e - 5 boomerangs of dispersal (quivered)
Armour
 b - a +0 leather armour (melded)
 c - a +0 helmet (melded)
Jewellery
 i - a +6 ring of strength (left branch)
 k - a +4 ring of evasion (right branch)
Scrolls
 l - a scroll of magic mapping
Potions
 j - a potion of heal wounds {unknown}
Comestibles
 f - 4 rations


   Skills:
 * Level 3.0 Fighting
 * Level 3.0 Polearms
 - Level 0.8 Throwing
 - Level 0.7 Armour
 - Level 1.5 Dodging
 - Level 2.0 Spellcasting
   Level 3.0 Translocations


You had 6 spell levels left.
You didn't know any spells.
Your spell library contained the following spells:

 Spells                   Type           Power        Failure   Level  Hunger
 Blink                    Tloc           N/A          11%         2    ###....
 Shroud of Golubria       Chrm/Tloc      #.....       21%         2    ###....
 Gell's Gravitas          Tloc           #.........   22%         3    ####...
 Lesser Beckoning         Tloc           #.........   22%         3    ####...
 Teleport Other           Tloc           #.......     22%         3    ####...
 Passage of Golubria      Tloc           N/A          58%         4    #####..


Dungeon Overview and Level Annotations

Branches:
Dungeon (2/15)

Altars:

Annotations:
D:2 Robin


Innate Abilities, Weirdness & Mutations

You cannot wear boots.
((Your serpentine skin is tough. (AC +1)))
You have supernaturally acute eyesight. (SInv)
((Armour fits poorly on your strangely shaped body.))
((Your system is resistant to poisons. (rPois)))
((You cover ground very slowly.))
You have a slow metabolism.
You can spit poison.


Message History

You hit Robin.
Robin is heavily wounded.
Robin hits you but does no damage.
You barely miss Robin.
Robin is heavily wounded.
You hit Robin but do no damage.
Robin is heavily wounded.
You are no longer berserk.
You pass out from exhaustion.
You feel yourself slow down. Robin hits you but does no damage.
Robin completely misses you. Robin hits you but does no damage.
You can move again.
You closely miss Robin.
Robin is heavily wounded.
Robin hits you but does no damage.
You hit Robin but do no damage.
Robin is heavily wounded.
Robin hits you with a +5 club.
You die...

#.........#...(.....
#.........#.....)#..
###......(..#.†....##.
#>..........#......##.
#...........#....#.##.
#...........#....#.##. .
#....)..............#. ..
#.†)g..........####.
...######♣####............
........)...##............
............##...###......
............##.. #......
............##. ######.
...#####....## #. #....#
#. #....# . ##.###


You could see Robin.

Vanquished Creatures
  7 bats
  3 giant cockroaches
  2 hobgoblins
  7 jackals
  A kobold (D:2)
  10 goblins
  A rat (D:2)
31 creatures vanquished.

Vanquished Creatures (others)
  6 toadstools (D:2)
6 creatures vanquished.

Grand Total: 37 creatures vanquished

Notes
Turn   | Place    | Note
-------+----------+-------------------------------------------
     0 | D:1      | Martska the Naga Warper began the quest for the Orb.
     0 | D:1      | Reached XP level 1. HP: 19/19 MP: 3/3
    66 | D:1      | You fall into a shaft and drop 1 floor!
   261 | D:2      | Reached XP level 2. HP: 11/27 MP: 5/5
  1331 | D:2      | Reached XP level 3. HP: 33/33 MP: 6/6
  1342 | D:2      | Identified the cursed +0 helmet of the Eight Boll Weevils
                  | {Int+4 Stlth+}
  1342 | D:2      | Noticed Robin
  1363 | D:2      | HP: 2/73 [hobgoblin/+0 club[Robin] (5)]
  1378 | D:2      | Slain by Robin

Illustrated notes

Levels and vault maps discovered:
D:1:      giann_bridges, layout_basic
D:2:      cheibrodos_fertilizer, layout_basic, nicolae_gozag_zags_fifth_avenue,
          minivault_11, okawaru_metal_pillars_1_2, uniq_robin, uniq_natasha,
          uniq_jessica

Skill      XL: |  1  2  3 |
---------------+----------+-----
Fighting       | 3 |  3.0
Polearms       | 3 |  3.0
Throwing       | |  0.8
Armour         | |  0.7
Dodging        | |  1.5
Spellcasting   | |  2.0
Translocations | |  3.0

Action                   || total
-------------------------++-------
Melee: Spear             ||   130
 Abil: Spit Poison       ||     4
  Use: Scroll            ||     2
       Potion            ||     2
Armor: Leather armour    ||    44
       Skin              ||    21
Dodge: Dodged            ||    73
